cohdb
Replays
Latest Replays
All Replays
Popular Replays
Top Player Replays
Match Explorer
How It Works
Community
CoH3 Stats
Reddit
Sign in to upload your games and track your stats! →
Sign in with Steam
Match 42935973
Unlisted
Match 42935973
Overview
Messages
Build Orders
End
Selects Armored Support Battlegroup
Panzergrenadier Squad
250 Light Carrier
Panzergrenadier Squad
Construct Light Support Kompanie
Assault Grenadier Squad
Selects Salvage Kits
Fire Support Elements
Panzerjäger Mechanized Group
Combat Half-tracks
Selects Veteran Gunners
Flakvierling Half-track
2.5-tonne Medical Truck
Veteran Squad Leaders
Panzerjäger Mechanized Group
Selects Panzer Storm
Construct Panzerarmee Kommand
Panzer III L Medium Tank
Vehicle Survival Package
J.
Meat Rockets Blasting Off Again!
Lieutenant.Aldo Raine
Frankenfreund
dfk_7677
Tok3n x Operator
0
0
Comments
sign in to comment!
No comments posted yet!